 Dungeon Crawl Stone Soup version 0.22.1-1-ga44c0e5 (webtiles) character file.

1519 Folque the Geomancer (level 8, -6/57 HPs)
             Began as a White Draconian Earth Elementalist on Nov 11, 2018.
             Shot with an arrow by a centaur (10 damage)
             ... on level 5 of the Dungeon.
             The game lasted 00:21:32 (4906 turns).

Folque the Geomancer (DrEE)                         Turns: 4906, Time: 00:21:33

Health: -6/57      AC:  6    Str: 11      XL:     8   Next: 54%
Magic:  0/17       EV: 12    Int: 15 (18) God:
Gold:   118        SH:  0    Dex: 13      Spells: 4/19 levels left

rFire    + . .     SeeInvis .   k - +0 short sword
rCold    + . .     Gourm    .   (no shield)
rNeg     . . .     Faith    .   (armour unavailable)
rPois    .         Spirit   .   (helmet restricted)
rElec    .         Reflect  .   (no cloak)
rCorr    .         Harm     .   (no gloves)
MR       .....                  (no boots)
Stlth    ++........             j - amulet of regeneration
HPRegen  0.59/turn              (no ring)
MPRegen  0.15/turn              (no ring)

@: very slightly contaminated
A: breathe frost, unfitting armour, horns 1, agile 1, cold resistance 1,
deterioration 1, fire resistance 1, cold-blooded, AC +6
a: Breathe Frost


You were on level 5 of the Dungeon.
You were very hungry.

You visited 1 branch of the dungeon, and saw 5 of its levels.

You collected 118 gold pieces.

Inventory:

Hand Weapons
 k - a +0 short sword (weapon)
 r - a +0 blowgun
 s - a +0 club
Missiles
 b - 198 stones (quivered)
 o - 29 poisoned needles
Jewellery
 d - a +3 ring of strength {unknown}
 j - an amulet of regeneration (around neck)
 n - a cursed ring of teleportation {unknown}
Scrolls
 a - 2 scrolls of remove curse {unknown}
 e - 3 scrolls of identify
 f - 5 scrolls of teleportation {unknown}
 i - a scroll of magic mapping {unknown}
 l - 2 scrolls of enchant weapon {unknown}
 p - a scroll of fear {unknown}
 q - a scroll of enchant armour {unknown}
Comestibles
 c - 5 rations
 g - a chunk of flesh


   Skills:
 - Level 1.7 Dodging
 - Level 1.7 Stealth
 - Level 6.2 Spellcasting
 - Level 2.3 Conjurations
 + Level 3.0 Transmutations
 * Level 8.1 Earth Magic


You had 4 spell levels left.
You knew the following spells:

 Your Spells              Type           Power        Failure   Level  Hunger
a - Sandblast             Erth           ####..       1%          1    None
b - Passwall              Tmut/Erth      ###.....     2%          2    #......
c - Stone Arrow           Conj/Erth      ###...       4%          3    ##.....
d - Lee's Rapid Deconstr  Erth           ####......   14%         5    ######.
e - Petrify               Tmut/Erth      ###.....     14%         4    ####...

Your spell library contained the following spells:

 Spells                   Type           Power        Failure   Level  Hunger


Dungeon Overview and Level Annotations

Branches:
Dungeon (5/15)
 Temple: D:4-7

Altars:
Dithmenos
Okawaru
Qazlal
Wu Jian

Shops:
D:4 (


Innate Abilities, Weirdness & Mutations

You can breathe waves of freezing cold.
You can buffet flying creatures when you breathe cold.
Your icy white scales are hard. (AC +6)
You cannot fit into any form of body armour.
Your flesh is cold resistant. (rC+)
You are cold-blooded and may be slowed by cold attacks.
You have a pair of small horns on your head.
You are agile. (Dex +2)
Your body sometimes deteriorates upon taking damage.
Your flesh is heat resistant. (rF+)


Message History

Pikel is almost dead.
Pikel hits you with a whip of electrocution.
* * * LOW HITPOINT WARNING * * *
Pikel completely misses you.
Casting: Sandblast (safe; 1% risk of failure)
Confirm with . or Enter, or press ? or * to list all spells.
Aiming: Sandblast (safe; 1% risk of failure)
Press: ? - help, Shift-Dir - straight line, f/p - Pikel
Aim: Pikel, wielding a whip of electrocution and wearing a robe (almost dead)
The blast of sand hits Pikel.
You kill Pikel!
You feel your strength returning.
You feel your dexterity returning.
Your Transmutations skill gained 2 levels and is now at level 3!
Your Earth Magic skill gained 2 levels and is now at level 8!
b - 198 stones With Pikel's spell broken, the former slaves thank you for their freedom.
The centaur shoots an arrow.
The arrow closely misses the freed slave.
The arrow hits you!
You die...

.....######.....##....#
....# .....
..............# ....+
..... ........##..###
....#+#
........##..#####.......
.##......+......'.......
#.....##.....)#.......
##.....##p.....#....#.#
#.....)#pp.....#....._.
+.....@)pch....#....#.#
################.......
#######


You could see a centaur, a hound and 4 neutral freed slaves.

Vanquished Creatures
  Pikel (D:5)
  Sigmund (D:2)
  Edmund (D:4)
  A phantom (D:4)
  The ghost of Stepladder the Skirmisher, an amateur HOAK of Lugonu (D:3)
  A gnoll sergeant (D:4)
  A howler monkey (D:4)
  An orc priest (D:5)
  A centaur skeleton (D:4)
  Terence (D:2)
  Jessica (D:2)
  Natasha (twice) (D:2)
  2 orc wizards (D:5)
  2 worker ants (D:4)
  Robin (D:4)
  6 gnolls (D:4)
  5 adders
  An ooze (D:3)
  An adder skeleton (D:3)
  3 worms
  A dart slug (D:3)
  3 leopard geckos
  3 orcs
  9 giant cockroaches
  14 goblins
  13 hobgoblins
  5 jackals
  3 quokkas
  2 ball pythons (D:3)
  5 bats
  4 frilled lizards
  8 kobolds
  A leopard gecko skeleton (D:4)
  7 rats
112 creatures vanquished.

Notes
Turn   | Place    | Note
-------+----------+-------------------------------------------
     0 | D:1      | Folque the Draconian Earth Elementalist began the quest for
                  | the Orb.
     0 | D:1      | Reached XP level 1. HP: 14/14 MP: 3/3
   176 | D:1      | Reached XP level 2. HP: 10/20 MP: 1/5
   187 | D:1      | Learned a level 2 spell: Passwall
  1166 | D:2      | Noticed Sigmund
  1186 | D:2      | Reached XP level 3. HP: 26/26 MP: 4/6
  1191 | D:2      | Learned a level 3 spell: Stone Arrow
  1252 | D:2      | Noticed Jessica
  1264 | D:2      | Found an ornate altar of the Wu Jian Council.
  1274 | D:2      | Killed Jessica
  1274 | D:2      | Reached skill level 1 in Conjurations
  1274 | D:2      | Reached skill level 4 in Earth Magic
  1580 | D:2      | Reached XP level 4. HP: 33/33 MP: 2/8
  1663 | D:2      | Noticed Terence
  1926 | D:2      | Killed Terence
  2034 | D:2      | Noticed Natasha
  2131 | D:2      | Killed Natasha
  2131 | D:2      | Reached XP level 5. HP: 38/38 MP: 2/9
  2228 | D:2      | Killed Sigmund
  2228 | D:2      | Reached XP level 6. HP: 33/45 MP: 0/12
  2512 | D:2      | Noticed Natasha
  2516 | D:2      | Killed Natasha
  2721 | D:3      | Found a shadowy altar of Dithmenos.
  2758 | D:3      | Learned a level 5 spell: Lee's Rapid Deconstruction
  3153 | D:3      | Found a runed gate.
  3153 | D:3      | Noticed Stepladder's ghost (amateur HOAK)
  3156 | D:3      | Found a runed gate.
  3158 | D:3      | Found a runed gate.
  3167 | D:3      | Reached skill level 5 in Earth Magic
  3528 | D:3      | Killed Stepladder's ghost
  3599 | D:4      | Noticed Robin
  3614 | D:4      | Killed Robin
  3841 | D:4      | Noticed Edmund
  3861 | D:4      | Killed Edmund
  3861 | D:4      | Reached skill level 5 in Spellcasting
  3861 | D:4      | Your scales start taking on an icy white colour.
  3861 | D:4      | Reached XP level 7. HP: 38/50 MP: 2/14
  3861 | D:4      | Gained mutation: Your flesh is cold resistant. (rC+) [White
                  | Draconian growth]
  3889 | D:4      | Found Hudwic's Antique Weapon Shoppe.
  3979 | D:4      | Reached skill level 6 in Earth Magic
  4501 | D:4      | Gained mutation: You are agile. (Dex +2) [potion of
                  | mutation]
  4501 | D:4      | Gained mutation: You have a pair of small horns on your
                  | head. [potion of mutation]
  4501 | D:4      | Gained mutation: Your body sometimes deteriorates upon
                  | taking damage. [potion of mutation]
  4501 | D:4      | Gained mutation: Your flesh is heat resistant. (rF+)
                  | [potion of mutation]
  4521 | D:5      | Entered Level 5 of the Dungeon
  4674 | D:5      | Found a stormy altar of Qazlal.
  4756 | D:5      | Reached XP level 8. HP: 53/57 MP: 4/17
  4767 | D:5      | Learned a level 4 spell: Petrify
  4881 | D:5      | Found an iron altar of Okawaru.
  4882 | D:5      | Noticed Pikel
  4906 | D:5      | Killed Pikel
  4906 | D:5      | Reached skill level 8 in Earth Magic
  4906 | D:5      | Shot with an arrow by a centaur

Skill      XL: |  1  2  3  4  5  6  7  8 |
---------------+-------------------------+-----
Conjurations   | 1 2 |  2.3
Earth Magic    | 4 5 6 8 |  8.1
Spellcasting   | 3 4 5 6 |  6.2
Transmutations | 3 |  3.0
Dodging        | |  1.7
Stealth        | |  1.7

Action                   |  1- 3 |  4- 6 |  7- 9 || total
-------------------------+-------+-------+-------++-------
Melee: Unarmed           |    85 |       |       ||    85
       Tailslap          |    13 |    11 |     5 ||    29
       Short sword       |    25 |   156 |    34 ||   215
 Fire: Blowgun           |       |    10 |       ||    10
 Cast: Sandblast         |    27 |    20 |    37 ||    84
       Stone Arrow       |       |    34 |    18 ||    52
       Passwall          |       |       |     1 ||     1
       Lee's Rapid Decon |       |       |     2 ||     2
 Abil: Breathe Frost     |       |       |     2 ||     2
  Use: Scroll            |     1 |       |       ||     1
       Potion            |       |     2 |     3 ||     5
 Stab: Sleeping          |       |     1 |       ||     1
  Eat: Chunk             |     3 |    10 |     5 ||    18
Armor: Skin              |    44 |    52 |    26 ||   122
Dodge: Dodged            |    88 |   120 |    36 ||   244
